 Dungeon Crawl Stone Soup version 0.31-a0-1612-g4aaf141004 (webtiles) character file.

Game seed: 5945719449285562418

837 AlmostDecent the Chopper (level 7, -2/44 HPs)
             Began as a Gargoyle Berserker on Jan 9, 2024.
             Was a Believer of Trog.
             Incinerated by a bombardier beetle (6 damage)
             ... with a burning spray
             ... on level 4 of the Dungeon.
             The game lasted 00:11:07 (2881 turns).

AlmostDecent the Chopper (Gargoyle Berserker)       Turns: 2881, Time: 00:11:08

Health: -2/44      AC: 20    Str: 22    XL:     7   Next: 99%
Magic:  7/7        EV:  9    Int:  8    God:    Trog [**....]
Gold:   210        SH:  0    Dex:  9    Spells: 6/6 levels left

rFire   . . .        a - +0 hand axe
rCold   . . .        (no shield)
rNeg    + . .        c - +0 chain mail
rPois   ∞            (no helmet)
rElec   +            h - +0 cloak
rCorr   .            k - +0 pair of gloves
SInv    .            (no boots)
Will    .....        (no amulet) Stlth
                     v - +4 ring of protection
HPRegen 0.27/turn    (no ring)
MPRegen 0.10/turn

%: no passive effects
@: on fire, on berserk cooldown, slowed, glowing, very slow
A: sickness immunity, AC +4, negative energy resistance 1, electricity
resistance, torment resistance 1, petrification resistance
a: Renounce Religion, Berserk, Trog's Hand


You were on level 4 of the Dungeon.
You worshipped Trog.
Trog was pleased with you.
You visited 1 branch of the dungeon, and saw 4 of its levels.

You collected 210 gold pieces.

Inventory:

Hand Weapons
 a - a +0 hand axe (weapon)
Missiles
 m - 3 throwing nets (quivered)
Armour
 c - a +0 chain mail (worn)
 h - a +0 cloak (worn)
 k - a +0 pair of gloves (worn)
Jewellery
 v - a +4 ring of protection (left hand)
Wands
 x - a wand of flame (23)
Scrolls
 b - a scroll of blinking {unknown}
 g - 3 scrolls of identify {unknown}
 i - 2 scrolls of brand weapon {unknown}
 j - a scroll of enchant armour {unknown}
 l - 2 scrolls of fear {unknown}
 p - a scroll of torment {unknown}
 q - a scroll of poison {unknown}
 t - a scroll of fog {unknown}
 u - 3 scrolls of teleportation {unknown}
Potions
 d - a potion of enlightenment {unknown}
 e - a potion of magic
 f - a potion of degeneration {unknown}
 n - a potion of experience {unknown}
 o - a potion of invisibility {unknown}
 r - a potion of brilliance {unknown}
 s - 2 potions of curing {unknown}
 w - 3 potions of heal wounds {unknown}


   Skills:
 + Level 4.7 Fighting
 * Level 7.0 Axes
 + Level 3.8 Armour
 + Level 2.5 Dodging


You had 6 spell levels left.
You didn't know any spells.
Your spell library was empty.

Dungeon Overview and Level Annotations

Branches:
Dungeon (4/15)
 Temple: D:4-7

Altars:
Cheibriados
Fedhas
Okawaru


Innate Abilities, Weirdness & Mutations

You are immune to sickness and miasma.
Your stone body is resilient. (AC +4)
You are immune to poison.
You resist negative energy. (rN+)
You are resistant to electric shocks. (rElec)
You are resistant to unholy torment.
You are immune to petrification.


Message History

The bombardier beetle is heavily wounded.
The liquid fire burns you!
The bombardier beetle closely misses you.
You barely miss the bombardier beetle.
The bombardier beetle is heavily wounded.
The liquid fire burns you!
A red film seems to cover your vision as you go berserk!
You feel yourself moving faster!
You feel mighty! The liquid fire burns you!
The bombardier beetle sprays incendiary fluid at you.
The burning spray hits you.
You are even more covered in liquid fire!
You slash the bombardier beetle!
You kill the bombardier beetle!
Trog accepts your kill. The liquid fire burns you!
You shake off some of the fire as you move.
The liquid fire burns you!
You see here a bombardier beetle corpse.
You shake off some of the fire as you move.
You feel a strong urge to attack something.
The liquid fire burns you!
There is an escape hatch in the ceiling here.
You shake off some of the fire as you move.
The liquid fire burns you!
You see here a bombardier beetle corpse.
You shake off some of the fire as you move.
You feel your anger nearly subside. The liquid fire burns you!
* * * LOW HITPOINT WARNING * * *
You are no longer berserk.
You are exhausted.
You feel yourself slow down.
There is an open door here.
You shake off some of the fire as you move.
The liquid fire burns you!
* * * LOW HITPOINT WARNING * * *
It was a potion of magic.
Magic courses through your body. The liquid fire burns you!
You die...

...........###...###..#
.......#............#.#
.......#..#..######...#
#...........##....##..#
#...........#.####.#..#
######.|..#.#.#_<#.#..#
###.......#.#.#.†#.#..#
#...........#.#'##.#..#
.......####.#.##@.##..#
........# #.##.####...#
........# #.........#.#
........# ######......#
†.......# ########
........# ........#
.......## #.....##


There were no monsters in sight!

Vanquished Creatures
  A water moccasin (D:4)
  A water moccasin zombie (D:4)
  2 scorpions (D:4)
  A bombardier beetle (D:4)
  A water moccasin simulacrum (D:4)
  A hound (D:4)
  A bullfrog skeleton (D:4)
  Jessica (D:2)
  A scorpion zombie (D:4)
  Natasha (thrice) (D:4)
  2 iguanas (D:4)
  A centaur simulacrum (D:4)
  11 gnolls (D:3)
  5 adders
  3 ribbon worms
  2 dart slugs (D:1)
  6 orcs
  2 bats
  5 endoplasms
  4 giant cockroaches
  6 goblins
  8 hobgoblins
  7 jackals (D:3)
  4 kobolds
  2 quokkas
  7 ball pythons
  4 frilled lizards
  A jackal zombie (D:4)
  2 rats
  A spectral goblin (D:3)
96 creatures vanquished.

Notes
Turn   | Place    | Note
-------+----------+-------------------------------------------
     0 | D:1      | AlmostDecent the Gargoyle Berserker began the quest for the
                  | Orb.
     0 | D:1      | Reached XP level 1. HP: 14/14 MP: 1/1
   109 | D:1      | Reached skill level 3 in Axes
   149 | D:1      | Reached XP level 2. HP: 19/19 MP: 2/2
   368 | D:1      | Reached XP level 3. HP: 20/23 MP: 3/3
   930 | D:2      | Noticed Jessica
   947 | D:2      | Killed Jessica
   948 | D:2      | Reached skill level 4 in Axes
   948 | D:2      | Reached XP level 4. HP: 29/29 MP: 4/4
  1338 | D:3      | Reached ** piety under Trog
  1344 | D:3      | Reached XP level 5. HP: 29/33 MP: 5/5
  1558 | D:3      | Found an iron altar of Okawaru.
  1685 | D:3      | Reached skill level 5 in Axes
  1843 | D:3      | Reached XP level 6. HP: 38/38 MP: 6/6
  1898 | D:3      | Found a faded altar of an unknown god.
  2234 | D:4      | Found a blossoming altar of Fedhas.
  2313 | D:4      | Reached skill level 6 in Axes
  2313 | D:4      | Reached XP level 7. HP: 28/43 MP: 7/7
  2354 | D:4      | Noticed Natasha
  2369 | D:4      | Killed Natasha
  2566 | D:4      | Identified the +6 dagger of Death {pain, rC+ Int+3}
  2622 | D:4      | Noticed Natasha
  2634 | D:4      | Killed Natasha
  2634 | D:4      | Reached *** piety under Trog
  2650 | D:4      | Noticed Natasha
  2661 | D:4      | Killed Natasha
  2772 | D:4      | Reached skill level 7 in Axes
  2860 | D:4      | Found a snail-covered altar of Cheibriados.
  2881 | D:4      | Incinerated by a bombardier beetle

Illustrated notes

Levels and vault maps discovered:
D:1:      lemuel_arrival_rhombus, layout_rooms, serial_bayou_pond_b
D:2:      layout_loops_ring, uniq_jessica
D:3:      layout_rooms, overflow_temple_1_default,
          dreamdust_ecumenical_altar_drowned_temple, chequers_jeans,
          mrwooster_statue_mirror, chequers_serial_rivers_room_b
D:4:      layout_rooms, chei_slow_surprise, fedhas_ov_isle_minmay,
          dilly_guarded_unrand_morg

Skill      XL: |  1  2  3  4  5  6  7 |
---------------+----------------------+-----
Axes           | 3 4 5 6 7 |  7.0
Armour         | 3 |  3.8
Dodging        | 2 |  2.5
Fighting       | 4 |  4.7

Action                     |  1- 3 |  4- 6 |  7- 9 || total
---------------------------+-------+-------+-------++-------
  Melee: Hand axe          |    94 |   194 |   131 ||   419
         Punch             |     2 |       |     2 ||     4
 Invoke: Berserk           |     2 |     4 |     3 ||     9
    Use: Potion            |       |       |     1 ||     1
 Armour: Chain mail        |    64 |   171 |    63 ||   298
  Dodge: Dodged            |    39 |    83 |    36 ||   158

Table legend: (Time is in decaauts)
 A = Elapsed time spent in this place.
 B = Non-inter-level travel time spent in this place.
 C = Inter-level travel time spent in this place.
 D = Time resting spent in this place.
 E = Time spent auto-exploring this place.
 F = Levels seen in this place.
 G = Mean time per level.
                   A        B        C        D        E       F      G
               +--------+--------+--------+--------+--------+-----+--------+
         Total |   2979 |   2808 |    171 |     51 |   1867 |   4 |  744.8 |
       Dungeon |   2979 |   2808 |    171 |     51 |   1867 |   4 |  744.8 |
               +--------+--------+--------+--------+--------+-----+--------+

Top non-repeatable levels by time:
     D:3: 822 daAuts
     D:4: 799 daAuts
     D:2: 734 daAuts
     D:1: 623 daAuts
